 Dungeon Crawl Stone Soup version 0.30.0-10-gfe55d96785 (webtiles) character file.

Game seed: 4583051609351282429

1296 browni3141 the Fighter (level 8, -7/92 HPs)
             Began as an Ogre Cinder Acolyte on May 14, 2023.
             Was an Elder of Ignis.
             Mangled by an orc warrior
             ... wielding a +0 glaive
              (12 damage)
             ... on level 5 of the Dungeon.
             The game lasted 00:12:25 (5084 turns).

browni3141 the Fighter (Ogre Cinder Acolyte)        Turns: 5084, Time: 00:12:26

Health: -7/92      AC: 12    Str: 27    XL:     8   Next: 56%
Magic:  9/9        EV: 24    Int: 15    God:    Ignis [****..]
Gold:   260        SH:  0    Dex:  4    Spells: 7/9 levels left

rFire   + . .        u - +0 scythe
rCold   . . .        (shield currently unavailable)
rNeg    . . .        w - +2 robe {Will+}
rPois   .            (helmet restricted)
rElec   .            (no cloak)
rCorr   .            (gloves unavailable)
SInv    .            (boots unavailable)
Will    ++...        W - amulet of the acrobat
Stlth   +            Q - ring of willpower
HPRegen 0.35/turn    H - +6 ring of strength
MPRegen 0.11/turn

%: acrobat
@: acrobatic, fiery-armoured, flying
A: large, unfitting armour, tough skin 1
a: Renounce Religion, Fiery Armour, Foxfire Swarm, Rising Flame


You were on level 5 of the Dungeon.
You worshipped Ignis.
Ignis was greatly pleased with you.
You visited 1 branch of the dungeon, and saw 5 of its levels.

You collected 260 gold pieces.

Inventory:

Hand Weapons
 a - a -1 spear of flaming
 u - a +0 scythe (weapon)
 B - a +2 dagger of draining
Missiles
 T - 4 boomerangs (quivered)
Armour
 b - a +0 robe
 w - a +2 robe of willpower (worn)
Magical Staves
 R - a staff of conjuration
Jewellery
 v - a ring of fire
 H - a +6 ring of strength (right hand)
 Q - a ring of willpower (left hand)
 W - an amulet of the acrobat (around neck)
Wands
 t - a wand of charming (12)
 I - a wand of iceblast (8)
 V - a wand of flame (18)
Scrolls
 r - 2 scrolls of identify
 x - 3 scrolls of teleportation {unknown}
 y - a scroll of blinking {unknown}
 C - a scroll of summoning {unknown}
 D - 2 scrolls of vulnerability {unknown}
 E - 2 scrolls of magic mapping {unknown}
 G - a scroll of fog {unknown}
 K - a scroll of brand weapon {unknown}
 M - a scroll of immolation {unknown}
 N - 2 scrolls of enchant weapon {unknown}
 O - a scroll of poison {unknown}
 S - 3 scrolls of amnesia {unknown}
 U - a scroll of noise {unknown}
Potions
 h - 3 potions of haste
 z - a potion of mutation {unknown}
 A - a potion of resistance {unknown}
 F - 2 potions of flight
 L - a potion of attraction
 P - a potion of degeneration
 X - a potion of berserk rage {unknown}
 Y - 2 potions of lignification {unknown}
 Z - 2 potions of curing {unknown}


   Skills:
 * Level 9.1 Fighting
 * Level 6.7 Polearms
 + Level 4.1 Throwing
 - Level 1.2 Spellcasting
 - Level 2.6 Fire Magic
 - Level 2.0 Evocations


You had 7 spell levels left.
You knew the following spells:

 Your Spells              Type           Power      Damage    Failure   Level
x - Scorch                Fire           16%        2d6       12%         2

Your spell library contained the following spells:

 Spells                   Type           Power      Damage    Failure   Level
 Shock                    Conj/Air       0%         1d3       24%         1
 Slow                     Hex            0%         N/A       24%         1
 Cigotuvi's Dreadful Rot  Necr/Pois/Air  0%         N/A       36%         2
 Inner Flame              Hex/Fire       4%         N/A       38%         3
 Confusing Touch          Hex            0%         N/A       58%         3
 Gell's Gravitas          Tloc           0%         N/A       58%         3
 Summon Guardian Golem    Hex/Summ       0%         N/A       58%         3
 Swiftness                Air            0%         N/A       58%         3
 Teleport Other           Tloc           0%         N/A       58%         3
 Vampiric Draining        Necr           0%         2d6       58%         3
 Flame Wave               Conj/Fire      4%         2d5       80%         4
 Sticky Flame             Conj/Fire      4%         2d3       80%         4
 Airstrike                Air            0%         2d(0-16)  94%         4
 Dispel Undead            Necr           0%         3d6       94%         4
 Death Channel            Necr           0%         N/A       100%        6
 Dispersal                Tloc           0%         N/A       100%        6
 Orb of Destruction       Conj           0%         9d5       100%        7
 Spellforged Servitor     Conj/Summ      0%         N/A       100%        7


Dungeon Overview and Level Annotations

Branches:
Dungeon (5/15)
 Temple: D:4-7

Altars:
Gozag
Sif Muna
Trog


Innate Abilities, Weirdness & Mutations

You are too large for most types of armour.
You have tough skin. (AC +1)


Message History

You reach to attack!
You closely miss the scorpion. You hit the scorpion but do no damage.
The scorpion completely misses you.
The orc warrior hits you but does no damage.
The scorpion misses you.
You throw a poisoned dart.
The poisoned dart barely misses the scorpion.
The scorpion barely misses you.
You throw a poisoned dart.
The poisoned dart closely misses the scorpion.
You throw a poisoned dart. The poisoned dart hits the scorpion!
The scorpion is poisoned.
The scorpion stings you.
You are poisoned.
The scorpion poisons you!
You puncture the scorpion!
The scorpion is almost dead.
You feel very sick.
You kill the scorpion!
Your Fighting skill increases to level 9!
You closely miss the orc warrior.
You feel sick.
The orc warrior hits you with a +0 glaive.
You throw a poisoned dart.
The poisoned dart barely misses the orc warrior.
The orc warrior hits you with a +0 glaive!
You are too injured to fight recklessly!
You are too injured to fight recklessly!
Throw: 2 darts (poison)
Press: ? - help, Q - select action, (/) - cycle Shift-Dir - straight line, f/p - orc warrior
Aim: an orc warrior, wielding a +0 glaive and wearing a +0 plate armour (59% to hit)
You throw a poisoned dart. The poisoned dart hits the orc warrior.
The orc warrior is poisoned.
You feel sick.
The orc warrior hits you with a +0 glaive.
Throw: dart (poison)
Press: ? - help, Q - select action, (/) - cycle Shift-Dir - straight line, f/p - orc warrior
Aim: an orc warrior, wielding a +0 glaive and wearing a +0 plate armour (lightly wounded, poisoned, 59% to hit)
You throw a poisoned dart.
The poisoned dart barely misses the orc warrior.
You feel sick.
The orc warrior hits you with a +0 glaive!
The orc warrior attacks as you move away!
The orc warrior hits you with a +0 glaive!
You feel sick.
You are too injured to fight recklessly!
You are too injured to fight recklessly!
You hit the orc warrior.
The orc warrior is moderately wounded.
You feel sick. The orc warrior barely misses you.
You barely miss the orc warrior.
The orc warrior is moderately wounded.
You feel sick.
You are no longer poisoned.
The orc warrior hits you with a +0 glaive.
* * * LOW HITPOINT WARNING * * *
A protective cloak of flame settles atop you.
The orc warrior barely misses you.
You barely miss the orc warrior.
The orc warrior is moderately wounded.
The orc warrior looks more healthy.
The orc warrior hits you with a +0 glaive.
* * * LOW HITPOINT WARNING * * *
You barely miss the orc warrior.
The orc warrior is moderately wounded.
The orc warrior hits you with a +0 glaive.
* * * LOW HITPOINT WARNING * * *
The orc warrior is burned by your cloak of flames.
The orc warrior is moderately wounded.
You closely miss the orc warrior.
The orc warrior is moderately wounded.
The orc warrior hits you with a +0 glaive.
* * * LOW HITPOINT WARNING * * *
The orc warrior is burned by your cloak of flames.
The orc warrior is heavily wounded.
You barely miss the orc warrior.
The orc warrior is heavily wounded.
The orc warrior completely misses you.
The orc warrior hits you with a +0 glaive!
* * * LOW HITPOINT WARNING * * *
Aiming: Throw Flame
Press: ? - help, Shift-Dir - straight line, f/p - orc warrior
Aim: an orc warrior, wielding a +0 glaive and wearing a +0 plate armour (heavily wounded, 71% to hit)
The puff of flame hits the orc warrior.
The orc warrior is severely wounded.
The orc warrior hits you with a +0 glaive!
* * * LOW HITPOINT WARNING * * *
Throw: 4 boomerangs
Press: ? - help, Q - select action, (/) - cycle Shift-Dir - straight line, f/p - orc warrior
Aim: an orc warrior, wielding a +0 glaive and wearing a +0 plate armour (severely wounded, 59% to hit)
You throw a boomerang.
The boomerang barely misses the orc warrior.
The orc warrior hits you with a +0 glaive!
* * * LOW HITPOINT WARNING * * *
Unknown command.
It was a potion of flight.
You feel very buoyant.
You fly up into the air.
F - 2 potions of flight;
X - a grey potion The orc warrior closely misses you.
The orc warrior attacks as you move away!
The orc warrior hits you with a +0 glaive!
You die...

.##.....#....#...........######..
.............##...~~~~..#~~~~##.#
.................~~##~..~~##~...#
##...####..~~~~~~~##~~~~~##~~.##~
...####~~~~~##############~~~~~~~
....#~~~#####.~.#.~..#~..######~#
....~~### ...#.#.#.#..#.#.#.#.###
##.#~## ...#..#.~o#)~..#...~.~..'
##..~~####..!..#@#.#.#..#.#.#.###
.##.#~~~~######(#.~.#.~#.######~#
###.####~~~~~~############~~~~~~~
###........##~~##~~~~~~~~##~~###~
.#########....~~##~#####~~##~# #.
## ######~~~~# ##~~~~# ## #
###### ######


You could see an orc warrior.

Vanquished Creatures
  Sigmund (D:5)
  Menkaure (D:4)
  An ice beast (D:5)
  An ogre (D:4)
  A centaur (D:5)
  Blork the orc (D:5)
  5 scorpions
  4 jellies
  3 hounds
  2 iguanas
  An orc wizard (D:3)
  4 adders
  3 dart slugs
  7 orcs
  5 bats
  6 endoplasms
  4 giant cockroaches
  10 goblins
  5 hobgoblins
  3 jackals (D:1)
  4 quokkas
  14 ball pythons
  6 frilled lizards
  7 kobolds
  7 rats
106 creatures vanquished.

Notes
Turn   | Place    | Note
-------+----------+-------------------------------------------
     0 | D:1      | browni3141 the Ogre Cinder Acolyte began the quest for the
                  | Orb.
     0 | D:1      | Reached XP level 1. HP: 24/24 MP: 2/2
   212 | D:1      | Reached XP level 2. HP: 33/33 MP: 3/3
   413 | D:1      | Found a faded altar of an unknown god.
   704 | D:1      | Reached XP level 3. HP: 38/40 MP: 4/4
  1284 | D:2      | Reached skill level 5 in Fighting
  1587 | D:3      | Reached XP level 4. HP: 50/50 MP: 5/5
  2484 | D:4      | Noticed Menkaure
  2490 | D:4      | Killed Menkaure
  2491 | D:4      | Reached skill level 6 in Fighting
  2491 | D:4      | Reached XP level 5. HP: 10/59 MP: 6/6
  2491 | D:4      | Reached XP level 6. HP: 12/67 MP: 7/7
  2619 | D:3      | Learned a level 2 spell: Scorch
  3122 | D:4      | Reached skill level 7 in Fighting
  3122 | D:4      | Reached XP level 7. HP: 39/78 MP: 1/8
  3302 | D:4      | Found an opulent altar of Gozag.
  3451 | D:4      | Reached skill level 3 in Throwing
  3685 | D:5      | Entered Level 5 of the Dungeon
  4052 | D:5      | Found a shimmering blue altar of Sif Muna.
  4231 | D:5      | Noticed Blork the orc
  4244 | D:5      | Killed Blork the orc
  4245 | D:5      | Reached skill level 8 in Fighting
  4245 | D:5      | Reached skill level 6 in Polearms
  4471 | D:5      | Noticed Sigmund
  4482 | D:5      | Reached XP level 8. HP: 69/88 MP: 9/9
  4486 | D:5      | Killed Sigmund
  4567 | D:5      | Found a bloodstained altar of Trog.
  4599 | D:5      | Identified the +0 plate armour of the Hart {rN+ Dex+5}
  5066 | D:5      | Reached skill level 9 in Fighting
  5079 | D:5      | HP: 4/92 [orc warrior/+0 glaive (7)]
  5084 | D:5      | Mangled by an orc warrior

Illustrated notes

Levels and vault maps discovered:
D:1:      dpeg_arrival_leaves_temple_mockup, layout_basic,
          shapermc_ecumenical_altar_totnotflames, dreamdust_princess_bridge
D:2:      layout_basic
D:3:      layout_basic
D:4:      layout_gridville, nicolae_overflow_hidden_temple, uniq_menkaure
D:5:      layout_cave_pools, trog_butcher_becter,
          mainiacjoe_overflow_cross_hatched, minmay_manual_mullet,
          uniq_blork_the_orc, uniq_sigmund

Skill      XL: |  1  2  3  4  5  6  7  8 |
---------------+-------------------------+-----
Throwing       | 1 2 3 4 |  4.1
Fighting       | 5 6 7 8 9 |  9.1
Polearms       | 4 5 6 |  6.7
Evocations     | 2 |  2.0
Spellcasting   | |  1.2
Fire Magic     | |  2.6

Action                     |  1- 3 |  4- 6 |  7- 9 || total
---------------------------+-------+-------+-------++-------
  Melee: Spear             |   167 |    97 |    55 ||   319
         Halberd           |       |       |    25 ||    25
  Throw: Boomerang         |       |       |    16 ||    16
         Dart              |       |       |    17 ||    17
   Cast: Scorch            |       |     5 |     8 ||    13
 Invoke: Fiery Armour      |       |     2 |     2 ||     4
  Evoke: Wand              |       |       |     2 ||     2
    Use: Scroll            |     3 |       |       ||     3
         Potion            |       |       |     1 ||     1
 Armour: Robe              |    39 |    21 |    28 ||    88
  Dodge: Dodged            |    53 |    38 |    32 ||   123
